 Dungeon Crawl Stone Soup version 0.27-a0-577-ge2a43ba0c9 (webtiles) character file.

Game seed: 5856067343693462633

15270 notexistence the Spear-Bearer (level 11, -15/85 HPs)
             Began as a Demonspawn Abyssal Knight on Mar 9, 2021.
             Was a Priest of Lugonu.
             Killed from afar by Jorgrun (22 damage)
             ... with an iron shot
             ... on level 12 of the Dungeon.
             The game lasted 02:13:06 (21219 turns).

notexistence the Spear-Bearer (DsAK)               Turns: 21219, Time: 02:13:06

Health: -15/85     AC: 20    Str: 20    XL:     11   Next: 99%
Magic:  16/16      EV: 18    Int: 13    God:    Lugonu [***...]
Gold:   311        SH:  5    Dex: 14    Spells: 8/10 levels left

rFire    . . .     SeeInvis .   u - +2 demon blade (drain)
rCold    + . .     Faith    .   (no shield)
rNeg     . . .     Spirit   .   H - +0 acid dragon scales
rPois    .         Reflect  +   (helmet restricted)
rElec    +         Harm     .   G - +1 cloak
rCorr    +         Rampage  .   d - +2 pair of gloves
Will     ++...                  k - +2 pair of boots
Stlth    ++++......             C - amulet of reflection
HPRegen  0.24/turn              r - ring of willpower
MPRegen  0.15/turn              x - ring "Caopias" {rElec Will+ EV+4 Str+5}

@: attractive
A: hooves 1, horns 2, iridescent scales 2, cold resistance 1, foul stench 1,
powered by pain 2
a: Renounce Religion, Depart the Abyss, Bend Space, Banish


You were on level 12 of the Dungeon.
You worshipped Lugonu.
Lugonu was most pleased with you.
You visited 3 branches of the dungeon, and saw 15 of its levels.
You visited the Abyss 2 times.

You collected 750 gold pieces.
You spent 439 gold pieces at shops.

Inventory:

Hand Weapons
 a - a +2 spear
 m - a +4 war axe
 n - a +0 vampiric hand axe
 u - a +2 demon blade of draining (weapon)
 z - a +0 trident
Armour
 b - a +2 chain mail of willpower
 d - a +2 pair of gloves (worn)
 k - a +2 pair of boots (worn)
 G - a +1 cloak (worn)
 H - +0 acid dragon scales (worn)
Jewellery
 r - a ring of willpower (left hand)
 x - the ring "Caopias" (right hand) {rElec Will+ EV+4 Str+5}
   (You acquired it on level 9 of the Dungeon)

   [ring of evasion]

   It affects your evasion (+4).
   It affects your strength (+5).
   It insulates you from electricity.
   It affects your willpower, your defense against some magical effects.
 C - an amulet of reflection (around neck)
 F - an amulet of guardian spirit
Wands
 i - a wand of polymorph (8)
 j - a wand of digging (2)
 o - a wand of iceblast (4)
 s - a wand of random effects (20) (quivered)
Scrolls
 g - 5 scrolls of teleportation
 q - 2 scrolls of amnesia
 v - a scroll of fog
 y - a scroll of identify
Potions
 c - 3 potions of brilliance
 e - a potion of attraction
 f - a potion of cancellation
 h - 3 potions of degeneration
 l - a potion of lignification
 A - 2 potions of flight
 E - a potion of magic


   Skills:
 + Level 7.6 Fighting
 + Level 0.5 Long Blades
 + Level 10.2 Polearms
 + Level 0.2 Throwing
 + Level 5.3 Armour
 + Level 6.4 Dodging
 + Level 8.5 Stealth
 + Level 3.9 Shields
 + Level 0.2 Spellcasting
 + Level 0.1 Transmutations
 + Level 7.5 Invocations
 + Level 3.3 Evocations


You had 8 spell levels left.
You knew the following spells:

 Your Spells              Type           Power      Damage    Failure   Level
a - Wereblood             Tmut           0%         N/A       50%         2

Your spell library contained the following spells:

 Spells                   Type           Power      Damage    Failure   Level
 Beastly Appendage        Tmut           0%         N/A       36%         1
 Poisonous Vapours        Pois/Air       0%         N/A       52%         2
 Conjure Flame            Conj/Fire      0%         6-21      75%         3
 Mephitic Cloud           Conj/Pois/Air  0%         N/A       75%         3
 Spider Form              Tmut/Pois      0%         N/A       75%         3
 Ice Form                 Ice/Tmut       0%         N/A       98%         4
 Blade Hands              Tmut           0%         N/A       100%        5
 Freezing Cloud           Conj/Ice/Air   0%         6-21      100%        6


Dungeon Overview and Level Annotations

Branches:
Dungeon (12/15)            Temple (1/1) D:6            Lair (0/6) D:11
    Orc (2/2) D:9
    Elf: Orc:2

Altars:
Ashenzari
Cheibriados
Dithmenos
Elyvilon
Fedhas
Gozag
Hepliaklqana
Kikubaaqudgha
Makhleb
Nemelex Xobeh
Okawaru
Qazlal
Ru
Sif Muna
Trog
Uskayaw
Vehumet
Wu Jian
Xom
Yredelemnul
Zin
The Shining One

Shops:
D:4 (   D:7 *=([   D:9 *   D:10 *

Portals:
Abyss: D:7

Annotations:
D:2 Sigmund
D:6 1 runed translucent door, dricus's ghost, novice DgAE
D:7 1 transporter
D:10 corrupted
D:12 1 runed translucent door, Jorgrun
Orc:1 corrupted


Innate Abilities, Weirdness & Mutations

You have a pair of horns on your head.
You are mostly covered in iridescent scales. (AC +4)
You may rarely emit foul miasma when damaged in melee.
You sometimes gain power by taking damage.
You have large cloven feet.
Your flesh is cold resistant. (rC+)


Message History

The bolt of electricity hits you but does no damage.
You resist.
As you read the scroll of teleportation, it crumbles to dust.
You feel strangely unstable.
The electric eel shoots out a bolt of lightning at you!
The bolt of electricity misses the electric eel.
The bolt of electricity misses you.
Your surroundings suddenly seem different.
A wyvern comes into view.
The wyvern hisses angrily.
Found a runed translucent gate.
Jorgrun Earthshaker comes into view.
He is wielding a staff of earth.
Jorgrun shouts!
The wyvern bites you but does no damage.
There are monsters nearby!
Jorgrun casts a spell at you. The iron shot hits you!
* * * LOW HITPOINT WARNING * * *
It was a potion of attraction.
You feel attractive to monsters. You block the wyvern's attack.
The wyvern bites you but does no damage.
Jorgrun is pulled toward you!
As you read the scroll of fear, it crumbles to dust.
You assume a fearsome visage.
Jorgrun looks frightened!
The wyvern looks frightened!
Jorgrun is pulled toward you! The wyvern is pulled toward you!
You closely miss Jorgrun. Jorgrun is pulled toward you!
The wyvern is pulled toward you!
You catch the helpless Jorgrun completely off-guard!
You slash Jorgrun! You drain Jorgrun.
Your attack snaps Jorgrun out of his fear.
You headbutt Jorgrun.
Jorgrun is lightly wounded.
You block Jorgrun's attack. The wyvern is pulled toward you!
You miss Jorgrun.
Jorgrun is lightly wounded.
Jorgrun casts a spell at you. The iron shot hits you!!
You die...

N.
+################.#
.........l.@g.....#
.....##.###########
### #.### # #.≈≈##
###.##..≈≈##
≈≈≈≈≈≈.≈.≈≈≈#
≈≈.≈≈≈≈≈.≈≈##
≈≈≈≈≈≈≈≈.≈##
≈≈≈≈≈≈≈≈.##


You could see Jorgrun (drained) and a wyvern (fleeing).

Vanquished Creatures
  2 orc warlords
  Erica (D:11)
  Harold (D:9)
  The ghost of Morbidden the Skirmisher, a novice DsMo (D:7)
  2 orc sorcerers (Orc:1)
  Maggie (D:9)
  A troll (D:10)
  3 hornets
  2 water elementals (D:12)
  A wraith (D:11)
  5 yaks (D:10)
  Grum (D:9)
  3 wargs
  Duvessa (D:7)
  14 orc warriors
  2 sky beasts
  A black bear (D:9)
  8 ogres
  4 centaurs
  2 wolves (D:9)
  3 phantoms
  9 bullfrogs
  A kobold brigand (D:11)
  Dowan (D:7)
  A wyvern zombie (D:11)
  3 scorpions
  5 killer bees (D:9)
  7 wights
  An electric eel (D:9)
  7 hounds
  2 jellies
  12 orc priests
  A centaur skeleton (D:11)
  17 orc wizards
  3 iguanas
  5 worker ants
  A hound zombie (D:10)
  A howler monkey zombie (D:6)
  2 worker ant zombies
  Robin (D:2)
  8 gnolls
  13 adders
  3 shadow imps
  4 white imps
  2 oozes
  An adder zombie (D:8)
  2 worms
  3 dart slugs (D:1)
  4 leopard geckos
  43 orcs
  4 giant cockroaches
  13 goblins
  9 hobgoblins
  5 jackals
  4 quokkas
  2 ball pythons
  7 bats
  3 frilled lizards
  9 kobolds
  2 leopard gecko skeletons (D:4)
  5 rats
285 creatures vanquished.

Vanquished Creatures (others)
  Gastronok (D:10)
  A two-headed ogre (D:10)
  An orc knight (Orc:1)
  Joseph (D:10)
  2 wargs (Orc:1)
  4 orc warriors
  An ogre (Orc:1)
  A centaur (D:10)
  A phantom (D:10)
  A scorpion (D:7)
  3 howler monkeys (D:7)
  A jelly (D:10)
  2 orc priests (D:7)
  2 orc wizards (D:7)
  A worker ant (D:7)
  2 adders (D:7)
  19 orcs
  4 foxfires (D:10)
48 creatures vanquished.

Grand Total: 333 creatures vanquished

Notes
Turn   | Place    | Note
-------+----------+-------------------------------------------
     0 | Abyss:1  | notexistence the Demonspawn Abyssal Knight began the quest
                  | for the Orb.
     0 | Abyss:1  | Reached XP level 1. HP: 18/18 MP: 2/2
    43 | Abyss:1  | Found a corrupted altar of Lugonu.
    97 | Abyss:1  | Noticed a flying skull
    98 | D:1      | Escaped the Abyss
   675 | D:1      | Reached * piety under Lugonu
   744 | D:1      | Gained mutation: You are partially covered in iridescent
                  | scales. (AC +2) [demonic ancestry]
   744 | D:1      | Reached XP level 2. HP: 18/24 MP: 3/3
   752 | D:1      | Reached skill level 2 in Polearms
  1452 | D:2      | Gained mutation: You have a pair of small horns on your
                  | head. [demonic ancestry]
  1452 | D:2      | Reached XP level 3. HP: 27/29 MP: 4/4
  1466 | D:2      | Reached skill level 1 in Dodging
  1500 | D:2      | Found a faded altar of an unknown god.
  1658 | D:2      | Noticed Robin
  1706 | D:2      | Killed Robin
  1707 | D:2      | Reached skill level 3 in Polearms
  1835 | D:2      | Reached XP level 4. HP: 37/37 MP: 5/5
  1851 | D:2      | Reached ** piety under Lugonu
  1962 | D:2      | Noticed Sigmund
  2828 | D:4      | Reached XP level 5. HP: 42/42 MP: 6/6
  3004 | D:4      | Reached skill level 4 in Polearms
  3177 | D:4      | Reached *** piety under Lugonu
  3346 | D:4      | Gained mutation: You sometimes gain a little power by
                  | taking damage. [demonic ancestry]
  3346 | D:4      | Reached XP level 6. HP: 32/48 MP: 7/7
  3721 | D:4      | Reached skill level 5 in Polearms
  3763 | D:4      | Found Guthriedd's Antique Weapon Emporium.
  3956 | D:5      | Entered Level 5 of the Dungeon
  4158 | D:5      | Reached skill level 1 in Stealth
  4180 | D:5      | Gained mutation: You sometimes gain power by taking damage.
                  | [demonic ancestry]
  4180 | D:5      | Reached XP level 7. HP: 21/54 MP: 8/8
  4203 | D:5      | Reached skill level 1 in Evocations
  5340 | D:6      | Reached skill level 6 in Polearms
  5712 | D:6      | Gained mutation: You have a pair of horns on your head.
                  | [demonic ancestry]
  5712 | D:6      | Reached XP level 8. HP: 60/61 MP: 10/10
  5812 | D:6      | Found a runed translucent door.
  5812 | D:6      | Noticed dricus's ghost (novice DgAE)
  5894 | D:6      | Found a staircase to the Ecumenical Temple.
  5926 | Temple   | Entered the Ecumenical Temple
  7220 | D:7      | Found a transporter.
  7525 | D:7      | Found Zadaemev's Jewellery Shoppe.
  7537 | D:7      | Bought an amulet of reflection for 330 gold pieces
  7569 | D:7      | Found a transporter.
  7574 | D:7      | Noticed an ancient zyme
  7575 | D:7      | Noticed a rakshasa
  7887 | D:7      | Noticed Duvessa
  7888 | D:7      | Noticed Dowan
  7891 | D:7      | Found Ycotapse's Antique Armour Shoppe.
  7940 | D:7      | Killed Duvessa
  7941 | D:7      | Reached skill level 5 in Fighting
  7958 | D:7      | Killed Dowan
  8109 | D:7      | Reached skill level 7 in Polearms
  8538 | D:7      | Found Taim's General Store.
  8543 | D:7      | Bought a scroll of identify for 22 gold pieces
  8543 | D:7      | Bought a potion of curing for 33 gold pieces
  8591 | D:7      | Found a shimmering altar of Xom.
  8623 | D:7      | Gained mutation: You are mostly covered in iridescent
                  | scales. (AC +4) [demonic ancestry]
  8623 | D:7      | Reached XP level 9. HP: 65/68 MP: 12/12
  8750 | D:7      | Found a one-way gate to the infinite horrors of the Abyss.
  8750 | D:7      | Noticed Morbidden's ghost (novice DsMo)
  9044 | D:7      | Found Lugor's Weapon Boutique.
  9182 | D:7      | Killed Morbidden's ghost
  9183 | D:7      | Reached skill level 1 in Shields
  9206 | D:7      | Voluntarily entered the Abyss.
  9296 | Abyss:1  | Noticed a lich
  9399 | Abyss:1  | Noticed a bone dragon
  9402 | D:7      | Escaped the Abyss
  9639 | D:8      | Reached skill level 5 in Invocations
  9818 | D:8      | Reached skill level 8 in Polearms
  9969 | D:8      | Learned a level 2 spell: Wereblood
 10695 | D:9      | Noticed Grum
 10709 | D:9      | Reached **** piety under Lugonu
 10721 | D:9      | HP: 3/69 [Grum/-2 glaive (21)]
 11034 | D:9      | Killed Grum
 11035 | D:9      | Reached skill level 5 in Dodging
 11035 | D:9      | Gained mutation: You may rarely emit foul miasma when
                  | damaged in melee. [demonic ancestry]
 11035 | D:9      | Reached XP level 10. HP: 50/76 MP: 10/13
 11540 | D:9      | Identified a scroll of acquirement
 11540 | D:9      | Acquired the ring "Caopias" {rElec Will+ EV+4 Str+5}
 11774 | D:9      | Found a staircase to the Orcish Mines.
 11781 | D:9      | Reached skill level 9 in Polearms
 11866 | D:9      | Found Fuywkirph's Assorted Antiques.
 11876 | D:9      | Bought a scroll of identify for 54 gold pieces
 12000 | D:9      | Noticed Harold
 12017 | D:9      | Killed Harold
 12510 | D:9      | Noticed Maggie
 12568 | D:9      | Killed Maggie
 12693 | D:9      | Reached skill level 5 in Stealth
 12929 | D:10     | Entered Level 10 of the Dungeon
 12931 | D:10     | Corrupted D:10
 12931 | D:10     | Noticed a starcursed mass
 12931 | D:10     | Noticed an apocalypse crab
 12931 | D:10     | Noticed a blizzard demon
 12931 | D:10     | Noticed an Executioner
 12931 | D:10     | Noticed a tentacled starspawn
 12931 | D:10     | Noticed a thrashing horror
 12931 | D:10     | Noticed a starcursed mass
 12931 | D:10     | Noticed a tentacled starspawn
 12931 | D:10     | Noticed a thrashing horror
 13042 | Orc:1    | Entered Level 1 of the Orcish Mines
 13042 | Orc:1    | Noticed an orc warlord
 13077 | D:9      | Killed an orc warlord
 13151 | D:9      | Reached XP level 11. HP: 63/83 MP: 16/16
 13632 | Orc:2    | Entered Level 2 of the Orcish Mines
 13632 | Orc:2    | Noticed an orc sorcerer
 13632 | Orc:2    | Noticed an orc warlord
 13634 | Orc:2    | Noticed an orc sorcerer
 13655 | Orc:1    | Killed an orc sorcerer
 13666 | Orc:2    | Noticed an orc knight
 13757 | Orc:1    | Corrupted Orc:1
 13757 | Orc:1    | Noticed a green death
 13757 | Orc:1    | Noticed a rakshasa
 13757 | Orc:1    | Noticed a spatial maelstrom
 13768 | Orc:1    | Killed an orc knight
 13770 | Orc:1    | Noticed a mana viper
 13804 | Orc:1    | Noticed a thrashing horror
 13808 | Orc:1    | Noticed a thrashing horror
 14442 | Orc:2    | Noticed an ettin
 14602 | Orc:2    | Noticed an orc warlord
 14645 | Orc:1    | Banished an ettin
 15556 | Orc:1    | Killed an orc warlord
 15672 | Orc:2    | Noticed an orc sorcerer
 15691 | Orc:1    | Killed an orc sorcerer
 17218 | Orc:1    | Gained mutation: You have large cloven feet. [potion of
                  | mutation]
 17218 | Orc:1    | Gained mutation: Your flesh is cold resistant. (rC+)
                  | [potion of mutation]
 17481 | Orc:2    | Noticed a soul eater
 18205 | D:10     | Noticed Joseph
 18205 | D:10     | Killed Gastronok
 18230 | D:10     | Killed Joseph
 18254 | D:10     | Killed a two-headed ogre
 18702 | D:10     | Reached skill level 5 in Armour
 18719 | D:10     | Found Hycaj's Assorted Antiques.
 18736 | D:10     | Reached skill level 10 in Polearms
 19065 | D:11     | Noticed Erica
 19384 | D:11     | Paralysed by a hornet for 1 turns
 19756 | D:11     | Found a staircase to the Lair.
 19965 | D:11     | Killed Erica
 21054 | D:12     | Noticed a death knight
 21209 | D:12     | Found a runed translucent gate.
 21209 | D:12     | Noticed a naga warrior
 21212 | D:12     | Noticed Jorgrun
 21219 | D:12     | Killed from afar by Jorgrun

Illustrated notes

Levels and vault maps discovered:
D:1:      amcnicky_arrival_feature_with_door, layout_loops_cross,
          grunt_decor_one_mirror
D:2:      layout_loops_cross, chequers_ecumenical_altar_twisty, uniq_sigmund,
          uniq_robin
D:3:      layout_loops_ring
D:4:      layout_loops_ring, elyvilon_altar_3, serial_shops, shop
D:5:      layout_basic, supply_closet_lemuel, grunt_ministairs_14,
          hex_intersection
D:6:      layout_loops_ring, minmay_temple_entry_offerings,
          ebering_ghost_inner_flame
D:7:      layout_loops_ring, gammafunk_ghost_abyssal_escape, serial_shops, shop,
          nicolae_shop_trees, nicolae_shop_window_shopping, shop,
          xom_confusion_cloud, uniq_duvessa
D:8:      layout_cave_pools, kennysheep_generic_room_14
D:9:      layout_gridville, orc_0_dummy, serial_shops, shop,
          nicolae_water_bricks, grunt_decor_cap, eino_jars, uniq_maggie,
          uniq_harold, uniq_grum
D:10:     layout_basic, serial_shops, nicolae_shop_waterfront, uniq_gastronok,
          uniq_joseph
D:11:     layout_layer_cave, lair_entry_dummy, evilmike_butchery, uniq_erica
D:12:     layout_basic, serial_rivers, chequers_serial_rivers_small_a,
          chequers_serial_rivers_room_a, chequers_serial_rivers_small_a,
          chequers_serial_rivers_large_a, chequers_serial_rivers_micro_e,
          gammafunk_ghost_fury_of_okawaru, uniq_kirke, uniq_jorgrun
Temple:   minmay_crystal_snake_temple
Orc:1:    minmay_goldmine, layout_diamond_mine, uniq_erolcha
Orc:2:    st_orc_ogre_mass, layout_caves, mines3_lemuel

Skill      XL: |  1  2  3  4  5  6  7  8  9 10 11 |
---------------+----------------------------------+-----
Polearms       | 2 3 4 5 6 7 8 9 10 | 10.2
Armour         | 2 3 4 5 |  5.3
Dodging        | 1 2 3 4 5 6 |  6.4
Fighting       | 4 5 6 7 |  7.6
Stealth        | 1 3 4 6 8 |  8.5
Evocations     | 1 2 3 |  3.3
Invocations    | 4 5 6 7 |  7.5
Shields        | 1 2 3 |  3.9
Long Blades    | |  0.5
Throwing       | |  0.2
Spellcasting   | |  0.2
Transmutations | |  0.1

Action                   |  1- 3 |  4- 6 |  7- 9 | 10-12 || total
-------------------------+-------+-------+-------+-------++-------
Melee: Spear             |   122 |   289 |   610 |   554 ||  1575
       Headbutt          |     8 |    37 |   117 |   166 ||   328
       Demon blade       |       |       |       |    73 ||    73
Throw: Throwing net      |       |       |       |     2 ||     2
 Cast: Wereblood         |       |       |       |     4 ||     4
Invok: Depart the Abyss  |     1 |       |     1 |       ||     2
       Bend Space        |       |       |     4 |    11 ||    15
       Banish            |       |       |     5 |    10 ||    15
       Corrupt           |       |       |       |     2 ||     2
Evoke: Wand              |       |     8 |    14 |    37 ||    59
  Use: Scroll            |     9 |     3 |    12 |     8 ||    32
       Potion            |       |     1 |     9 |     9 ||    19
 Stab: Sleeping          |       |     2 |     4 |     5 ||    11
       Paralysed         |       |       |     5 |    27 ||    32
       Distracted        |       |       |       |     1 ||     1
       Petrified         |       |       |       |    13 ||    13
       Held in net/web   |       |       |       |     4 ||     4
       Fleeing           |       |       |       |     1 ||     1
Armor: Leather armour    |    55 |   103 |   189 |    25 ||   372
       Acid dragon scale |       |       |       |   106 ||   106
       Skin              |       |       |       |    26 ||    26
Dodge: Dodged            |    64 |   135 |   255 |   360 ||   814
Block: Other             |       |       |    55 |   127 ||   182
       Reflection        |       |       |     7 |     4 ||    11
       Rpst.: Demon blade |       |       |       |    18 ||    18

Table legend: (Time is in decaauts)
 A = Elapsed time spent in this place.
 B = Non-inter-level travel time spent in this place.
 C = Inter-level travel time spent in this place.
 D = Time resting spent in this place.
 E = Time spent auto-exploring this place.
 F = Levels seen in this place.
 G = Mean time per level.
                   A        B        C        D        E       F      G
               +--------+--------+--------+--------+--------+-----+--------+
         Total |  20887 |  20574 |    313 |   8961 |   3969 |  17 | 1228.6 |
       Dungeon |  15686 |  15373 |    313 |   5438 |   3820 |  12 | 1307.2 |
        Temple |    190 |    190 |      0 |      0 |      0 |   1 |  190.0 |
  Orcish Mines |   4716 |   4716 |      0 |   3345 |     53 |   2 | 2358.0 |
         Abyss |    293 |    293 |      0 |    178 |     96 |   2 |  146.5 |
               +--------+--------+--------+--------+--------+-----+--------+

Top non-repeatable levels by time:
   Orc:1: 4645 daAuts
     D:7: 2510 daAuts
     D:9: 2335 daAuts
    D:11: 1430 daAuts
     D:6: 1409 daAuts
    D:10: 1404 daAuts
     D:8: 1318 daAuts
     D:1: 1312 daAuts
     D:5: 1244 daAuts
     D:4: 1187 daAuts
     D:3: 761 daAuts
     D:2: 570 daAuts
 Abyss:1: 293 daAuts
    D:12: 201 daAuts
  Temple: 190 daAuts
